 Dungeon Crawl Stone Soup version 0.21-a0-476-gd103f4b (webtiles) character file.

51 kae the Insei (level 3, 0/28 HPs)
             Began as a Draconian Transmuter on Nov 22, 2017.
             Slain by a jelly (1 damage)
             ... on level 1 of the Dungeon.
             The game lasted 00:01:15 (1035 turns).

kae the Insei (Draconian Transmuter)                Turns: 1035, Time: 00:01:15

Health: 0/28       AC:  2    Str: 12    XL:     3   Next: 57%
Magic:  6/6        EV: 12    Int: 16    God:
Gold:   20         SH:  0    Dex: 12    Spells: 5/6 levels left

rFire    . . .     SeeInvis .   g - +1 short sword
rCold    . . .     Gourm    .   (no shield)
rNeg     . . .     Faith    .   (armour unavailable)
rPois    .         Spirit   .   (helmet restricted)
rElec    .         Reflect  .   (no cloak)
rCorr    .         Harm     .   e - +0 pair of gloves
MR       .....                  (no boots)
Stlth    +.........             (no amulet)
HPRegen  0.09/turn              i - +3 ring of intelligence
MPRegen  0.10/turn              (no ring)

@: corroded
A: unfitting armour, cold-blooded, AC +5
a: no special abilities


You were on level 1 of the Dungeon.
You were hungry.

You visited 1 branch of the dungeon, and saw 1 of its levels.

You collected 20 gold pieces.

Inventory:

Hand Weapons
 g - a +1 short sword (weapon)
Missiles
 a - 12 arrows
Armour
 e - a +0 pair of gloves (worn)
Jewellery
 i - a +3 ring of intelligence (left hand)
Potions
 k - a potion of cancellation
Books
 b - a book of Changes

   Spells                             Type                      Level
   a - Beastly Appendage              Transmutation                1
   b - Sticks to Snakes               Transmutation                2
   c - Spider Form                    Transmutation/Poison         3
   d - Ice Form                       Ice/Transmutation            4
   e - Blade Hands                    Transmutation                5
Comestibles
 c - a bread ration
 f - 2 fruits


   Skills:
 - Level 1.1 Fighting
 - Level 1.7 Dodging
 * Level 3.7 Unarmed Combat
 + Level 2.3 Spellcasting
 * Level 2.9 Transmutations


You had 5 spell levels left.
You knew the following spells:

 Your Spells              Type           Power        Failure   Level  Hunger
a - Beastly Appendage     Tmut           ##....       6%          1    #......


Dungeon Overview and Level Annotations

Branches:
Dungeon (1/15)

Altars:


Innate Abilities, Weirdness & Mutations

Your plain brown scales are hard. (AC +5)
You cannot fit into any form of body armour.
You are cold-blooded and may be slowed by cold attacks.


Message History

The jelly jiggles.
The jelly barely misses you.
You are too injured to fight recklessly!
You are too injured to fight recklessly!
You are too injured to fight recklessly!
You are too injured to fight recklessly!
Unknown command.
Okay, then.
You aren't carrying any items that you can evoke.
Okay, then.
You hit the jelly but do no damage.
Your hands burn!
You tail-slap the jelly.
The jelly is heavily wounded.
Your talons disappear.
The jelly hits you.
You are splashed with acid!
The acid burns!
* * * LOW HITPOINT WARNING * * *
You hit the jelly.
Your hands burn!
* * * LOW HITPOINT WARNING * * *
The jelly is heavily wounded.
The jelly hits you.
You die...

.# ##........#.###.##.#########
.# #..####.^#.....##..........
.#######..###############..######
...........................#
#######...###'#######+###..#
#######...#..⌠...>...⌠..#.##
......#...#......<......#.#
......'...+⌠....###....⌠+.#
......##..#.....@†......#.##
......##..#######J#######..#
......##..# ..wr.... #..#
......##..# ....s.......#..#
......##..#.............#..#
###'####..###############..# #.#
#...................# #.#
#..#############....# ###.#
#...### #.........##


You could see a worm, a jelly, a giant cockroach and a rat.

Vanquished Creatures
  4 oozes (D:1)
  A leopard gecko (D:1)
  2 giant cockroaches (D:1)
  2 goblins (D:1)
  2 hobgoblins (D:1)
  7 jackals (D:1)
  4 kobolds (D:1)
  A bat (D:1)
  A frilled lizard (D:1)
  6 rats (D:1)
30 creatures vanquished.

Notes
Turn   | Place    | Note
-------+----------+-------------------------------------------
     0 | D:1      | kae the Draconian Transmuter began the quest for the Orb.
     0 | D:1      | Reached XP level 1. HP: 16/16 MP: 3/3
     2 | D:1      | Found a runed door.
     8 | D:1      | Noticed a jelly
   304 | D:1      | Reached XP level 2. HP: 20/23 MP: 5/5
   989 | D:1      | Reached XP level 3. HP: 28/28 MP: 6/6
  1035 | D:1      | HP: 1/28 [acid (3)]
  1035 | D:1      | Slain by a jelly

Vault maps used:
D:1:      dpeg_arrival_caged_fury

Action                   || total
-------------------------++-------
Melee: Unarmed           ||    35
       Dagger            ||    39
       Tailslap          ||    10
       Headbutt          ||     3
       Short sword       ||    89
       Kick              ||     7
 Cast: Beastly Appendage ||     5
  Use: Scroll            ||     3
       Potion            ||     2
Armor: Skin              ||    67
Dodge: Dodged            ||    91

Table legend:
 A = Spawn XP
 B = Non-spawn XP
 C = Spawn XP percentage of total XP
 D = Spawn monster count
 E = Non-spawn monster count
 F = Spawn count percentage of total count
 G = Total turns spent on level
                    A         B        C        D         E        F      G
               +---------+---------+-------+---------+---------+-------+---------
         Total |       0 |      73 |   0.0 |       0 |      30 |   0.0 |  1035
               +---------+---------+-------+---------+---------+-------+---------
           D:1 |       0 |      73 |   0.0 |       0 |      30 |   0.0 |  1035
               +---------+---------+-------+---------+---------+-------+---------
